 Dungeon Crawl Stone Soup version 0.27-a0-1193-g8631133539 (webtiles) character file.

Game seed: 16473891598025464101

631332 porpoise the Slayer (level 26, -1/235 HPs)
             Began as a Demonspawn Fighter on May 22, 2021.
             Was the Champion of Yredelemnul.
             Splashed by a yellow draconian's acid (8 damage)
             ... on level 1 of the Realm of Zot on May 26, 2021.
             The game lasted 08:28:05 (74178 turns).

porpoise the Slayer (Demonspawn Fighter)           Turns: 74178, Time: 08:28:28

Health: -1/235     AC: 55    Str: 26    XL:     26   Next: 79%
Magic:  32/33      EV:  9    Int: 16    God:    Yredelemnul [******]
Gold:   3879       SH: 32    Dex: 15    Spells: 24/39 levels left

rFire    + + .     SeeInvis .   a - +9 demon trident (spect)
rCold    + + +     Faith    .   V - +6 tower shield {rC+ rF+}
rNeg     + . .     Spirit   .   y - +8 orange crystal plate armour {Archmagi, Int+3 Clar}
rPois    .         Reflect  .   (helmet unavailable)
rElec    +         Harm     .   z - +2 cloak {rF+}
rCorr    .         Rampage  .   Q - +2 pair of gloves {archery}
Will     +....     Clarity  +   x - +2 pair of boots "Ciril" {Dex+3}
Stlth    ..........             h - amulet of regeneration
HPRegen  1.49/turn              A - +4 ring of slaying
MPRegen  0.23/turn              D - ring "Ontuk" {Ice rElec rN+}

@: about to teleport, slowed, constricted, invisible, very slow
A: horns 3, icy blue scales 3, icemail 2, powered by death 3, augmentation 3,
condensation shield, fire resistance 1, MP-powered wands
}: 4/15 runes: decaying, serpentine, silver, icy
a: Renounce Religion, Recall Undead Slaves, Injury Mirror, Animate Dead, Drain
Life, Enslave Soul


You were on level 1 of the Realm of Zot.
You worshipped Yredelemnul.
Yredelemnul was exalted by your worship.
You visited 12 branches of the dungeon, and saw 54 of its levels.
You visited the Abyss 3 times.
You also visited: Ice Cave and Volcano.

You collected 8546 gold pieces.
You spent 4667 gold pieces at shops.

Inventory:

Hand Weapons
 a - a +9 spectral demon trident (weapon)
 b - the +3 sling "Punk" {acid, rCorr}
   (You took it off a vault guard on level 5 of the Vaults)

   It protects you from acid and corrosion.
 w - the +10 trident "Onaedyc" {vorpal, *Rage Int+2 Dex+4 SInv}
   (You bought it in a shop on level 14 of the Dungeon)

   It inflicts extra damage upon your enemies.
   It affects your intelligence (+2).
   It affects your dexterity (+4).
   It lets you see invisible.
   It may make you go berserk in combat.
Missiles
 s - 15 silver javelins (quivered)
 U - 276 sling bullets
Armour
 x - the +2 pair of boots "Ciril" (worn) {Dex+3}
   (You found it in an ice cave)

   It affects your dexterity (+3).
 y - the +8 orange crystal plate armour (worn) {Archmagi, Int+3 Clar}
   (You acquired it on level 3 of the Dungeon)

   It affects your intelligence (+3).
   It protects you against confusion.
 z - a +2 cloak of fire resistance (worn)
 Q - a +2 pair of gloves of archery (worn)
 V - a +6 tower shield of resistance (worn)
Jewellery
 h - an amulet of regeneration (around neck)
 A - a +4 ring of slaying (left hand)
 D - the ring "Ontuk" (right hand) {Ice rElec rN+}
   (You acquired it on level 6 of the Lair of Beasts)

   [ring of ice]

   It enhances your ice magic.
   It makes you vulnerable to fire.
   It protects you from cold.
   It insulates you from electricity.
   It protects you from negative energy.
 E - a ring of willpower
Wands
 r - a wand of paralysis (15)
 B - a wand of digging (14)
 I - a wand of acid (24)
 J - a wand of iceblast (41)
 T - a wand of mindburst (21)
Scrolls
 i - 9 scrolls of vulnerability
 q - 15 scrolls of teleportation
 u - 8 scrolls of fog
 H - 4 scrolls of magic mapping
 N - 26 scrolls of identify
 P - 7 scrolls of fear
 S - 6 scrolls of silence
Potions
 e - 4 potions of invisibility
 g - 11 potions of flight
 o - 9 potions of lignification
 L - 27 potions of curing
 Y - 5 potions of resistance
Miscellaneous
 c - the horn of Geryon (inert)
 j - a tin of tremorstones (inert)
 k - a lightning rod (4/4)
 l - a phantom mirror
 m - a condenser vane
 C - a phial of floods
 W - a box of beasts


   Skills:
 - Level 25.0 Fighting
 - Level 8.0 Short Blades
 - Level 14.0 Polearms
 - Level 3.3(8.4) Slings
 - Level 11.8(12.0) Throwing
 - Level 16.0 Armour
 + Level 19.8 Dodging
 + Level 17.8 Shields
 - Level 7.0 Spellcasting
 - Level 5.0 Summonings
 - Level 5.0 Necromancy
 - Level 5.0 Translocations
 - Level 9.0 Earth Magic
 - Level 14.0 Invocations
 - Level 9.0 Evocations


You had 24 spell levels left.
You knew the following spells:

 Your Spells              Type           Power      Damage    Failure   Level
a - Animate Armour        Summ/Erth      84%        N/A       98%         4
k - Blink                 Tloc           N/A        N/A       77%         2
p - Portal Projectile     Hex/Tloc       40%        N/A       100%        3
r - Apportation           Tloc           64%        N/A       63%         1
v - Borgnjor's Vile Clut  Necr/Erth      21%        N/A       100%        5

Your spell library contained the following spells:

 Spells                   Type           Power      Damage    Failure   Level
 Sandblast                Erth           100%       2d20      16%         1
 Animate Skeleton         Necr           64%        N/A       63%         1
 Pain                     Necr           100%       1d9       63%         1
 Summon Small Mammal      Summ           100%       N/A       63%         1
 Call Imp                 Summ           32%        N/A       77%         2
 Passwall                 Tmut/Erth      25%        N/A       83%         2
 Call Canine Familiar     Summ           32%        N/A       94%         3
 Gell's Gravitas          Tloc           16%        N/A       94%         3
 Lesser Beckoning         Tloc           16%        N/A       94%         3
 Teleport Other           Tloc           32%        N/A       94%         3
 Vampiric Draining        Necr           16%        2d8       94%         3
 Stone Arrow              Conj/Erth      60%        3d10      97%         3
 Lee's Rapid Deconstruct  Erth           25%        3d15*     99%         5
 Beastly Appendage        Tmut           16%        N/A       100%        1
 Corona                   Hex            8%         N/A       100%        1
 Magic Dart               Conj           32%        1d4       100%        1
 Shock                    Conj/Air       32%        1d5       100%        1
 Ensorcelled Hibernation  Hex/Ice        24%        N/A       100%        2
 Poisonous Vapours        Pois/Air       16%        N/A       100%        2
 Searing Ray              Conj           16%        3d3       100%        2
 Slow                     Hex            8%         N/A       100%        2
 Static Discharge         Conj/Air       8%         N/A       100%        2
 Wereblood                Tmut           8%         N/A       100%        2
 Confusing Touch          Hex            8%         N/A       100%        3
 Dazzling Flash           Conj/Hex       16%        N/A       100%        3
 Frozen Ramparts          Ice            24%        1d4       100%        3
 Inner Flame              Hex/Fire       8%         N/A       100%        3
 Ozocubu's Armour         Ice            12%        N/A       100%        3
 Spider Form              Tmut/Pois      4%         N/A       100%        3
 Summon Guardian Golem    Hex/Summ       20%        N/A       100%        3
 Swiftness                Air            8%         N/A       100%        3
 Tukima's Dance           Hex            8%         N/A       100%        3
 Airstrike                Air            4%         N/A       100%        4
 Animate Dead             Necr           16%        N/A       100%        4
 Cause Fear               Hex            4%         N/A       100%        4
 Fulminant Prism          Conj/Hex       4%         3d6       100%        4
 Ice Form                 Ice/Tmut       12%        N/A       100%        4
 Iskenderun's Mystic Bla  Conj/Tloc      20%        2d6       100%        4
 Leda's Liquefaction      Hex/Erth       15%        N/A       100%        4
 Passage of Golubria      Tloc           N/A        N/A       100%        4
 Petrify                  Tmut/Erth      30%        N/A       100%        4
 Summon Ice Beast         Ice/Summ       30%        N/A       100%        4
 Summon Lightning Spire   Summ/Air       20%        N/A       100%        4
 Agony                    Necr           32%        N/A       100%        5
 Alistair's Intoxication  Tmut/Pois      5%         N/A       100%        5
 Bolt of Magma            Conj/Fire/Erth 11%        4d7       100%        5
 Hydra Form               Tmut           4%         N/A       100%        5
 Iskenderun's Battlesphe  Conj           8%         2d6       100%        5
 Lightning Bolt           Conj/Air       4%         1d15      100%        5
 Manifold Assault         Tloc           32%        N/A       100%        5
 Metabolic Englaciation   Hex/Ice        6%         N/A       100%        5
 Silence                  Hex/Air        4%         N/A       100%        5
 Summon Forest            Summ/Tloc      16%        N/A       100%        5
 Summon Mana Viper        Hex/Summ       20%        N/A       100%        5
 Yara's Violent Unravell  Hex/Tmut       4%         3d4       100%        5
 Death Channel            Necr           16%        N/A       100%        6
 Freezing Cloud           Conj/Ice/Air   6%         6-21      100%        6
 Invisibility             Hex            8%         N/A       100%        6
 Iron Shot                Conj/Erth      15%        9d4       100%        6
 Shadow Creatures         Summ           N/A        N/A       100%        6
 Simulacrum               Ice/Necr       15%        N/A       100%        6
 Statue Form              Tmut/Erth      20%        N/A       100%        6
 Orb of Destruction       Conj           4%         9d2       100%        7
 Ozocubu's Refrigeration  Ice            6%         4d6       100%        7
 Spellforged Servitor     Conj/Summ      10%        N/A       100%        7
 Summon Hydra             Summ           16%        N/A       100%        7
 Ignition                 Fire           4%         3d4       100%        8
 Shatter                  Erth           25%        3d22*     100%        9
 Tornado                  Air            4%         N/A       100%        9


Dungeon Overview and Level Annotations

Branches:
Dungeon (15/15)            Temple (1/1) D:7            Lair (6/6) D:8
  Swamp (4/4) Lair:2        Snake (4/4) Lair:3        Slime (0/5) Lair:5
    Orc (2/2) D:9             Elf (3/3) Orc:2        Vaults (5/5) D:14
  Crypt (0/3) Vaults:3     Depths (5/5) D:15           Hell (visited)
    Dis (0/7) Hell            Geh (0/7) Hell            Coc (7/7) Hell
    Tar (0/7) Hell            Zot (1/5) Depths:5      IceCv (visited)
Volcano (visited)

Altars:
Ashenzari
Cheibriados
Dithmenos
Elyvilon
Fedhas
Gozag
Hepliaklqana
Kikubaaqudgha
Makhleb
Nemelex Xobeh
Okawaru
Qazlal
Ru
Sif Muna
Trog
Uskayaw
Vehumet
Wu Jian
Xom
Yredelemnul
Zin
The Shining One
Beogh

Shops:
D:3 [   D:14 (   Orc:1 !   Orc:2 !(:   Elf:3 :==   Depths:5 *

Portals:
Hell: Depths:1 Depths:2 Depths:3 Depths:4 Depths:5
Abyss: Depths:4
Pandemonium: Depths:3
Ziggurat: Depths:3

Annotations:
Orc:2 1 runed translucent door - shield of ignorance, exclusion: 4 orange crystal statues
Vaults:2 1 runed translucent door, Irilyjoq's ghost, legendary FoFi


Innate Abilities, Weirdness & Mutations

You have a pair of large horns on your head.
You are completely covered in icy blue scales. (AC +4, rC+)
A meltable icy envelope protects you from harm. (AC +8)
You regenerate a lot of health from kills.
Your magical and physical power is greatly enhanced at high health.
A meltable shield of frost defends you. (SH +4)
Your flesh is heat resistant. (rF+)
You expend magic power (3 MP) to strengthen your wands.


Message History

The death cob hits you but does no damage.
The tentacled monstrosity tentacle-slaps you but does no damage. x2
You block the tentacled monstrosity's attack.
The tentacled monstrosity constricts you.
You block the wandering mushroom's attack.
The wandering mushroom releases spores at you but does no damage.
The deathcap draws from the surrounding life force!
* * * LOW HITPOINT WARNING * * *
The death cob hits you but does no damage. x2
The tentacled monstrosity tentacle-slaps you but does no damage. x3
* * * LOW HITPOINT WARNING * * *
The tentacled monstrosity constricts you.
The death cob hits you but does no damage.
The deathcap releases spores at you but does no damage.
The wandering mushroom releases spores at you but does no damage. x2
You fade into invisibility!
You block the death cob's attack. x2; The death cob closely misses you.
You block the death cob's attack. x2; The death cob hits you.
* * * LOW HITPOINT WARNING * * *
The death cob drains your vigour!
You feel as though you will be slow longer.
You block the death cob's attack. The death cob closely misses you.
The tentacled monstrosity tentacle-slaps you but does no damage.
The tentacled monstrosity tentacle-slaps you!
* * * LOW HITPOINT WARNING * * *
The tentacled monstrosity tentacle-slaps you but does no damage.
* * * LOW HITPOINT WARNING * * *
The tentacled monstrosity constricts you!
The death cob hits you but does no damage.
The wandering mushroom closely misses you.
The wandering mushroom releases spores at you but does no damage.
The deathcap releases spores at you but does no damage.
The yellow draconian throws acid at you.
The glob of acid hits the death cob.
The death cob is splashed with acid.
The acid corrodes the death cob!
The acid splashes onto the tentacled monstrosity!
The tentacled monstrosity is splashed with acid.
The acid splashes onto you!
You are splashed with acid!
You die...
Your body rises from the dead as a mindless zombie.

#.......# ...
....⌠..###..#
............
...........
..........
#fdy......
##zXz......
#.f@zd.....
.../.fffz......
...#..fff...#..
. ......###y.#
#...##.. #.#
##.. ..# . #.
... .. ...


You could see a tentacled monstrosity, a black draconian (berserk), a yellow
draconian (catching breath), a curse toe, 3 death cobs, 4 deathcaps, 2 moths of
wrath and 4 wandering mushrooms.

Vanquished Creatures
  Antaeus (Coc:7)
  A dread lich (Abyss:2)
  A juggernaut (Depths:4)
  An ancient lich (Vaults:5)
  Sojobo (Vaults:2)
  13 shard shrikes
  the Lernaean hydra (Swamp:4)
  2 caustic shrikes (Depths:4)
  2 golden dragons (Vaults:5)
  2 profane servitors (Vaults:5)
  7 bone dragons
  3 tentacled monstrosities
  2 liches
  16 Ice Fiends
  2 deep elf blademasters (Elf:3)
  2 deep elf master archers (Elf:3)
  A death cob (Depths:5)
  3 sphinxes
  3 tentacled starspawn (Abyss:2)
  A thorn hunter (Swamp:4)
  Donald (Elf:1)
  3 storm dragons
  3 tengu reavers
  2 nagarajas (Snake:4)
  2 iron dragons (Vaults:5)
  4 deep elf sorcerers
  6 frost giants
  4 orc warlords
  4 fire giants
  A balrug (Hell)
  2 cacodemons
  5 deep elf elementalists
  9 vault wardens
  14 very ugly things
  9 ironbound preservers
  4 spriggan defenders
  The ghost of CougarLife the Blocker, a journeyman GnFi of Okawaru (Lair:6)
  10 reapers
  2 elemental wellsprings
  4 war gargoyles
  A green draconian (Depths:5)
  12 stone giants
  4 deep elf annihilators
  5 deep elf demonologists
  A black draconian (Depths:5)
  A vampire knight (Depths:4)
  4 bunyips
  An entropy weaver (Vaults:1)
  A white draconian (Depths:5)
  A dire elephant (Vaults:3)
  A lorocyproca (Depths:1)
  2 eleionomae (Swamp:4)
  5 deep elf death magi
  7 blizzard demons
  13 ettins
  9 fire dragons
  A crystal guardian (Abyss:2)
  13 yaktaur captains
  6 great orbs of eyes
  2 shambling mangroves
  3 salamander tyrants
  A kraken zombie (Coc:1)
  3 deep elf high priests (Elf:3)
  18 hydras
  4 rakshasas
  Josephine (Lair:4)
  13 vault guards
  14 ice dragons
  7 naga warriors
  An ogre mage (Vaults:5)
  Fannar (Lair:3)
  2 spriggan air magi
  5 ironbound thunderhulks
  9 anacondas
  A boulder beetle (D:14)
  10 centaur warriors
  8 two-headed ogres
  8 ironbound frosthearts
  9 alligators
  20 dancing weapons
  8 death yaks
  5 deep troll earth magi
  4 spriggan berserkers
  4 tengu warriors
  4 deep troll shamans
  6 hell hogs (Hell)
  2 titan zombies
  8 naga sharpshooters
  4 shock serpents
  7 thrashing horrors (Abyss:2)
  An iron golem (Hell)
  A soul eater (Hell)
  4 sun demons
  2 ironbound beastmasters
  3 wretched stars (Abyss:2)
  11 hell knights
  2 titan skeletons (Coc:7)
  2 sixfirhies
  16 deep elf knights
  A salamander mystic (Snake:2)
  14 swamp dragons
  4 iron trolls
  A spatial maelstrom (Abyss:2)
  A storm dragon skeleton (Coc:7)
  35 skeletal warriors
  3 anaconda zombies
  2 spriggan druids
  7 glowing orange brains
  A shadow demon (Abyss:2)
  2 deep elf archers
  10 ironbound convokers
  A bog body (Swamp:1)
  22 deep trolls
  3 naga ritualists
  2 lindwurms
  6 wizards
  3 phantasmal warriors
  2 flayed ghosts
  4 necromancers
  An anaconda skeleton (Coc:6)
  35 ugly things
  A lindwurm (shapeshifter) (Vaults:5)
  A harpy (shapeshifter) (D:14)
  3 harpies (Vaults:1)
  17 deep elf pyromancers
  6 mana vipers
  A wolf spider zombie (Coc:7)
  An oklob plant (Lair:4)
  6 will-o-the-wisps
  12 orc knights
  13 deep elf zephyrmancers
  3 fire giant zombies
  8 cyclopes
  10 orc sorcerers
  2 frost giant zombies
  15 large abominations
  4 manticores
  4 worldbinders (Abyss:2)
  3 stone giant skeletons
  5 guardian serpents
  2 smoke demons (Abyss:2)
  23 black mambas
  3 fire giant skeletons
  4 rust devils
  A frost giant skeleton (Coc:5)
  4 salamanders (Snake:3)
  4 orange demons
  A gargoyle (D:10)
  13 naga magi
  Joseph (D:7)
  10 cane toads
  6 torpor snails
  7 vault sentinels
  3 molten gargoyles (Hell)
  21 freezing wraiths
  A hellion (Depths:3)
  4 centaur skeletons (D:15)
  A tengu conjurer (D:14)
  3 kobold demonologists (Abyss:2)
  2 rime drakes
  2 dire elephant skeletons
  A komodo dragon (shapeshifter) (Vaults:5)
  22 yaktaurs
  2 yaktaurs (shapeshifter)
  5 ancient zymes (Abyss:2)
  2 anaconda simulacra (IceCv)
  2 efreet (D:15)
  9 komodo dragons
  2 unseen horrors
  20 ice devils
  A golden dragon simulacrum (IceCv)
  2 yaktaur zombies
  17 tormentors
  A demonic crawler (Abyss:2)
  3 hellwings (Abyss:2)
  2 catoblepas skeletons (Coc:5)
  A red devil (Depths:3)
  A meliai (shapeshifter) (Vaults:5)
  4 trolls
  9 hydra zombies
  A polar bear (shapeshifter) (D:14)
  9 tyrant leeches
  A wolf spider simulacrum (D:14)
  11 hornets
  10 raiju (Abyss:2)
  A hydra skeleton (Coc:6)
  15 blink frogs
  12 slime creatures
  2 stone giant simulacra (Hell)
  6 dream sheep (Lair:4)
  A frost giant simulacrum (Coc:6)
  2 ice dragon skeletons
  An iron dragon simulacrum (Coc:1)
  3 alligator zombies
  3 air elementals
  An ice dragon zombie (Coc:6)
  2 ynoxinuls (Abyss:2)
  A centaur simulacrum (D:14)
  A fire dragon skeleton (Coc:7)
  Sigmund (D:3)
  28 flying skulls
  8 shadows
  21 starcursed masses (Abyss:2)
  10 spriggans
  12 wraiths
  10 water elementals
  2 wyverns
  52 yaks
  4 alligator skeletons
  An ettin skeleton (Abyss:2)
  5 fire bats (Volcano)
  2 fire elementals
  2 basilisks
  3 chaos spawn
  3 neqoxecs
  A death yak simulacrum (IceCv)
  An emperor scorpion simulacrum (Coc:6)
  6 steam dragons
  7 vampire mosquitoes
  5 harpy simulacra (IceCv)
  6 swamp worms
  2 iron troll simulacra (IceCv)
  33 nagas
  3 spatial vortices (Abyss:2)
  5 wargs
  3 hydra simulacra
  3 acid dragons
  23 water moccasins
  4 cane toad zombies
  2 hell hounds (Volcano)
  7 swamp drakes
  2 ettin simulacra
  2 ice dragon simulacra (Coc:6)
  2 black bears (D:6)
  A cane toad skeleton (Coc:6)
  An alligator simulacrum (Coc:6)
  A fire dragon simulacrum (Abyss:2)
  10 ice beasts
  15 small abominations (Abyss:2)
  A black mamba simulacrum (Coc:6)
  14 orc warriors
  2 sky beasts
  2 snapping turtle skeletons (Coc:6)
  10 wolves
  A centaur (shapeshifter) (Vaults:5)
  6 ogres
  2 boggarts (D:14)
  13 centaurs
  A swamp dragon skeleton (Coc:2)
  4 kobold brigands
  Blork the orc (D:5)
  2 bullfrogs (Lair:3)
  3 gnoll sergeants
  3 earth elementals
  A scorpion (D:4)
  2 cane toad simulacra
  A wyvern skeleton (D:5)
  2 hornet simulacra (D:14)
  A human skeleton (Vaults:1)
  14 killer bees
  A howler monkey (D:7)
  A manticore simulacrum (Coc:7)
  8 wights
  5 electric eels
  6 centaur zombies
  3 hounds (D:5)
  2 quasits (Abyss:2)
  15 orc priests
  3 jellies
  A bullfrog skeleton (D:7)
  4 iguanas
  2 iron imps (Abyss:2)
  A gnoll shaman (D:6)
  Ijyb (D:3)
  2 hell rats (Lair:3)
  24 orc wizards
  A polar bear simulacrum (IceCv)
  3 troll simulacra (IceCv)
  A killer bee zombie (D:5)
  A wolf simulacrum (IceCv)
  A human zombie (Vaults:5)
  5 ettin zombies
  2 mummies
  4 adders
  18 gnolls
  2 naga simulacra (IceCv)
  2 ogre simulacra (IceCv)
  A shadow imp (D:5)
  17 white imps
  9 ufetubi
  A worm (D:3)
  A dart slug (D:3)
  99 orcs
  10 endoplasms
  2 giant cockroaches
  6 hobgoblins
  4 jackals (D:2)
  17 kobolds
  3 quokkas
  6 ball pythons
  6 bats
  5 frilled lizards
  9 goblins
  A kobold skeleton (Hell)
  2 naga zombies (Snake:4)
  7 rats (D:1)
  2 lurking horrors (Abyss:2)
  4 starspawn tentacles (Abyss:2)
  2 tentacles (Coc:1)
1785 creatures vanquished.

Vanquished Creatures (collateral kills)
  A dread lich (Vaults:5)
  An ancient lich (Vaults:5)
  3 shard shrikes
  Frederick (Depths:4)
  Xtahua (Vaults:2)
  Geryon (Hell)
  A caustic shrike (Depths:4)
  2 golden dragons
  A bone dragon (Coc:7)
  9 Ice Fiends
  5 liches
  Jorgrun (Swamp:3)
  3 tentacled monstrosities
  2 titans
  2 tentacled starspawn (Abyss:2)
  A quicksilver dragon (Vaults:5)
  3 sphinxes
  2 storm dragons
  2 shadow dragons
  4 tengu reavers
  8 fire giants
  3 deep elf sorcerers (Elf:3)
  4 nagarajas (Snake:4)
  5 vault wardens
  A cacodemon (Hell)
  2 iron dragons
  6 frost giants
  A draconian stormcaller (Depths:5)
  2 war gargoyles
  12 reapers
  6 ironbound preservers
  8 stone giants
  2 spriggan defenders
  14 very ugly things
  3 elemental wellsprings
  A vampire knight (Depths:5)
  2 deep elf demonologists (Elf:3)
  6 dire elephants
  2 yellow draconians (Depths:5)
  2 black draconians (Depths:5)
  3 bunyips
  2 deep elf annihilators (Elf:3)
  A spark wasp (Depths:4)
  A crystal guardian (Vaults:3)
  A deep elf death mage (Vaults:5)
  8 ettins
  4 blizzard demons
  A merfolk javelineer (Depths:2)
  4 yaktaur captains
  2 great orbs of eyes (Vaults:3)
  7 fire dragons
  4 salamander tyrants
  A quicksilver dragon zombie (Hell)
  3 ironbound thunderhulks (Vaults:2)
  2 kraken zombies
  4 hydras
  A rakshasa (Depths:3)
  An ogre mage (Vaults:5)
  A peacekeeper (Vaults:3)
  12 naga warriors
  3 spriggan air magi
  2 boulder beetles
  20 ice dragons
  2 ghost crabs
  Erolcha (D:11)
  22 vault guards
  5 ironbound frosthearts
  An alligator (Swamp:4)
  2 two-headed ogres (D:12)
  A catoblepas (Lair:4)
  A centaur warrior (Vaults:4)
  14 anacondas
  10 dancing weapons
  9 deep troll earth magi
  2 tengu warriors
  4 hell hogs (Hell)
  2 deep troll shamans
  A vampire mage (Depths:5)
  2 titan zombies (Coc:5)
  2 ironbound beastmasters
  4 naga sharpshooters
  3 shock serpents
  7 deep elf knights
  2 thrashing horrors (Abyss:2)
  2 storm dragon zombies
  4 soul eaters
  12 hell knights
  A wretched star (Abyss:2)
  6 iron trolls
  2 sixfirhies
  An iron golem (Hell)
  2 salamander mystics
  40 skeletal warriors
  2 titan skeletons (Coc:7)
  3 anaconda zombies
  3 goliath frogs
  A bog body (Swamp:2)
  4 naga ritualists
  3 glowing orange brains
  2 spriggan druids
  23 deep trolls
  2 phantasmal warriors
  6 deep elf archers
  2 storm dragon skeletons
  2 golden dragon skeletons
  5 swamp dragons
  3 orc knights
  An anaconda skeleton (Coc:1)
  3 lindwurms
  An iron dragon zombie (Coc:7)
  8 necromancers (Hell)
  5 wizards
  11 deep elf zephyrmancers
  2 fire giant zombies
  7 ironbound convokers
  2 wolf spider zombies
  15 deep elf pyromancers
  18 ugly things
  A mana viper (Snake:2)
  3 stone giant zombies
  A faun (shapeshifter) (Vaults:4)
  3 shadow dragon skeletons
  A cyclops (D:12)
  2 frost giant zombies
  A manticore (D:14)
  A sphinx skeleton (Vaults:1)
  13 salamanders
  3 guardian serpents (Snake:4)
  3 stone giant skeletons
  A centaur zombie (D:11)
  6 vault sentinels
  3 frost giant skeletons
  2 shock serpent zombies (Coc:6)
  12 naga magi
  A dire elephant zombie (Coc:7)
  4 smoke demons
  6 rust devils
  3 molten gargoyles (Hell)
  A fire giant skeleton (Coc:2)
  An orange demon (Hell)
  A catoblepas zombie (Coc:1)
  5 cane toads
  10 black mambas
  19 freezing wraiths
  17 yaktaurs
  6 komodo dragons
  3 anaconda simulacra
  3 hellwings
  2 tengu conjurers
  3 tormentors
  An ancient zyme (Abyss:2)
  7 hydra zombies
  24 ice devils
  A demonic crawler (Hell)
  A sea snake skeleton (Hell)
  A red devil (Depths:3)
  4 blink frogs
  12 hornets
  12 slime creatures
  4 alligator zombies
  8 hydra skeletons
  2 ettin zombies
  An ice dragon skeleton (Coc:5)
  18 flying skulls
  2 alligator skeletons (Coc:5)
  2 ettin skeletons
  5 shadows
  3 starcursed masses (Abyss:2)
  2 redbacks (Vaults:1)
  2 wyverns
  4 wraiths
  A ynoxinul (Abyss:2)
  12 spriggans
  A fire dragon skeleton (Coc:7)
  A dire elephant simulacrum (IceCv)
  An air elemental (Elf:2)
  8 yaks
  9 water elementals
  A basilisk (shapeshifter) (Depths:4)
  A large abomination (Abyss:2)
  3 basilisks
  7 vampire mosquitoes
  A neqoxec (Abyss:2)
  2 wargs
  22 nagas
  2 spatial vortices (Abyss:2)
  2 swamp worms
  4 water moccasins
  2 hydra simulacra
  4 cane toad zombies
  An acid dragon (Lair:6)
  A floating eye (Depths:4)
  3 ice beasts
  6 orc warriors
  4 swamp drakes
  3 cane toad skeletons
  A swamp dragon zombie (Coc:5)
  2 alligator simulacra
  An ogre (Orc:2)
  2 wolves (Lair:5)
  A fire dragon simulacrum (Coc:6)
  2 boggarts (D:14)
  A snapping turtle skeleton (Coc:1)
  A kobold brigand (Abyss:2)
  2 bullfrogs
  A spriggan zombie (Coc:5)
  An elephant simulacrum (IceCv)
  4 wights (Coc:1)
  A human zombie (Hell)
  A jelly (Lair:5)
  6 orc priests
  2 iron imps (Abyss:2)
  An iguana (Lair:6)
  6 orc wizards (Orc:2)
  2 hell rats (Lair:3)
  A small abomination (Abyss:2)
  6 gnolls
  11 white imps
  2 ufetubi
  An elf zombie (Elf:3)
  A salamander zombie (Snake:3)
  15 orcs
  A kobold (Abyss:2)
  A kobold skeleton (Coc:5)
  4 starspawn tentacles (Abyss:2)
  4 tentacles
969 creatures vanquished.

Vanquished Creatures (others)
  6 profane servitors
  3 bone dragons
  A death cob (Zot:1)
  A tengu reaver (Vaults:2)
  10 ghouls
  A draconian stormcaller (Depths:5)
  2 elemental wellsprings (Coc:7)
  14 vampire knights
  A spectral titan (Vaults:5)
  spectral the Serpent of Hell (Coc:7)
  A great orb of eyes (Vaults:2)
  An ice dragon (Coc:7)
  A spectral guardian serpent (Depths:2)
  A spectral human (Swamp:1)
  A deep troll earth mage (Depths:3)
  A shadow wraith (Vaults:5)
  14 skeletal warriors
  11 flayed ghosts
  2 anaconda skeletons (Coc:7)
  13 phantasmal warriors
  A wizard (Vaults:2)
  An ugly thing (Vaults:2)
  5 shard shrike zombies
  A tengu conjurer (Depths:5)
  A bloated husk (Swamp:4)
  8 vampires
  11 flying skulls
  A fire dragon skeleton (Coc:7)
  2 yaks (D:8)
  5 wraiths
  A storm dragon zombie (Vaults:5)
  8 very ugly thing zombies
  13 ugly thing zombies
  A golden dragon zombie (Vaults:5)
  3 tengu zombies
  2 goliath frog zombies
  2 wights
  8 anaconda zombies
  A sphinx zombie (Vaults:3)
  An iron dragon zombie (Vaults:5)
  2 shock serpent zombies
  An eleionoma zombie (Swamp:4)
  3 frost giant zombies
  A jelly (Abyss:2)
  4 stone giant zombies
  5 hell hog zombies (Hell)
  A demonic crawler zombie (Hell)
  2 orc wizards (Orc:2)
  2 iguanas (Lair:6)
  58 human zombies
  3 dire elephant zombies
  26 yaktaur zombies
  5 fire dragon zombies
  4 hydra zombies
  A death yak skeleton (Lair:3)
  2 ghoul skeletons
  2 human skeletons (Vaults:5)
  3 cane toad zombies
  2 mummies
  A yaktaur skeleton (Vaults:5)
  2 swamp worm zombies
  A boulder beetle zombie (D:14)
  30 elf zombies
  7 ice dragon zombies
  15 deep troll zombies
  4 ettin zombies
  A swamp dragon skeleton (Swamp:4)
  2 two-headed ogre zombies
  2 elf skeletons (Elf:3)
  A tyrant leech zombie (Lair:6)
  14 black mamba zombies
  3 torpor snail zombies (Lair:6)
  3 vampire mosquito zombies
  A black mamba skeleton (Lair:3)
  8 blink frog zombies
  10 hornet zombies
  2 wyvern zombies
  2 centaur zombies
  6 komodo dragon zombies
  2 lindwurm zombies
  A manticore zombie (D:14)
  5 salamander zombies
  A swamp dragon zombie (Swamp:4)
  A troll zombie (D:10)
  6 water moccasin zombies
  22 yak zombies
  A cyclops zombie (D:15)
  An orc (D:14)
  A basilisk zombie (D:15)
  5 bat zombies (Orc:1)
  2 kobolds
  35 naga zombies
  3 ogre zombies
  6 spriggan zombies
  A bullfrog zombie (Lair:3)
  2 hell rat zombies (Lair:3)
  2 iguana zombies (Lair:6)
  2 killer bee zombies (D:9)
  26 orc zombies
  2 raiju zombies (Abyss:2)
  3 swamp drake zombies
  3 wolf zombies
  A yak skeleton (Lair:3)
  6 briar patches (Swamp:4)
  15 foxfires
  56 fungi
  A lurking horror (Abyss:2)
  140 plants
  5 starspawn tentacles (Abyss:2)
  8 tentacles
769 creatures vanquished.

Grand Total: 3523 creatures vanquished

Notes
Turn   | Place    | Note
-------+----------+-------------------------------------------
     0 | D:1      | porpoise the Demonspawn Fighter began the quest for the
                  | Orb.
     0 | D:1      | Reached XP level 1. HP: 18/18 MP: 1/1
   191 | D:1      | Gained mutation: You regenerate a little health from kills.
                  | [demonic ancestry]
   191 | D:1      | Reached XP level 2. HP: 20/24 MP: 2/2
   391 | D:1      | Found a faded altar of an unknown god.
   455 | D:1      | Reached XP level 3. HP: 20/30 MP: 3/3
  1196 | D:2      | You fall into a shaft and drop 1 floor!
  1217 | D:3      | Found an iron altar of Okawaru.
  1301 | D:2      | Reached skill level 4 in Fighting
  1469 | D:2      | Gained mutation: A meltable shield of frost defends you.
                  | (SH +4) [demonic ancestry]
  1469 | D:2      | Reached XP level 4. HP: 37/37 MP: 4/4
  2059 | D:3      | Found Xinono's Antique Armour Shop.
  2064 | D:3      | Noticed Sigmund
  2114 | D:3      | Killed Sigmund
  2115 | D:3      | Reached skill level 5 in Fighting
  2115 | D:3      | Gained mutation: You are partially covered in icy blue
                  | scales. (AC +2) [demonic ancestry]
  2115 | D:3      | Reached XP level 5. HP: 35/44 MP: 5/5
  2452 | D:3      | Noticed Ijyb
  2474 | D:3      | Killed Ijyb
  2475 | D:3      | Gained mutation: You are mostly covered in icy blue scales.
                  | (AC +3) [demonic ancestry]
  2475 | D:3      | Reached XP level 6. HP: 13/51 MP: 6/6
  3791 | D:4      | Found Zin's Purification Station.
  4053 | D:5      | Entered Level 5 of the Dungeon
  4135 | D:5      | Noticed a sky beast
  4146 | D:5      | Reached skill level 5 in Polearms
  4482 | D:4      | Gained mutation: You have a pair of small horns on your
                  | head. [demonic ancestry]
  4482 | D:4      | Reached XP level 7. HP: 24/56 MP: 7/7
  4815 | D:5      | Noticed Blork the orc
  4826 | D:5      | Killed Blork the orc
  5417 | D:5      | Reached skill level 5 in Armour
  5688 | D:6      | Gained mutation: You have a pair of horns on your head.
                  | [demonic ancestry]
  5688 | D:6      | Reached XP level 8. HP: 62/62 MP: 8/8
  6344 | D:3      | Bought a runed scale mail for 175 gold pieces
  6351 | D:3      | Identified a scroll of acquirement
  6351 | D:3      | Acquired the +8 orange crystal plate armour {Archmagi,
                  | Int+3 Clar}
  6352 | D:3      | Found the +8 orange crystal plate armour {Archmagi, Int+3
                  | Clar}
  7104 | D:7      | Reached skill level 5 in Shields
  7214 | D:7      | Reached skill level 1 in Dodging
  7462 | D:7      | Found a staircase to the Ecumenical Temple.
  7525 | D:7      | Gained mutation: You regenerate health from kills. [demonic
                  | ancestry]
  7525 | D:7      | Reached XP level 9. HP: 36/68 MP: 9/9
  7699 | D:7      | Noticed Joseph
  7705 | D:7      | Killed Joseph
  7772 | Temple   | Entered the Ecumenical Temple
  7958 | Temple   | Became a worshipper of Yredelemnul the Dark
  8678 | D:8      | Found a staircase to the Lair.
  8679 | D:8      | Noticed a two-headed ogre
  8691 | D:8      | Killed a two-headed ogre
  8692 | D:8      | Reached skill level 5 in Dodging
  8699 | D:8      | Reached skill level 1 in Evocations
  9647 | D:8      | Reached XP level 10. HP: 67/74 MP: 10/10
  9748 | D:8      | Reached * piety under Yredelemnul
  9772 | D:8      | Reached skill level 10 in Polearms
  9894 | D:8      | Found a hide-covered altar of Uskayaw.
 10376 | Lair:1   | Entered Level 1 of the Lair of Beasts
 10376 | Lair:1   | Found an ornate altar of the Wu Jian Council.
 10376 | Lair:1   | Noticed a six-headed hydra
 10402 | D:9      | Noticed a two-headed ogre
 10407 | D:9      | Killed a two-headed ogre
 10558 | D:9      | Found a staircase to the Orcish Mines.
 10703 | D:9      | Reached skill level 5 in Evocations
 10854 | D:9      | Reached ** piety under Yredelemnul
 11130 | D:9      | Reached skill level 1 in Invocations
 11185 | D:9      | Noticed a centaur warrior
 11188 | D:9      | Killed a centaur warrior
 11671 | D:10     | Entered Level 10 of the Dungeon
 11684 | D:10     | Noticed a manticore
 11703 | D:10     | Killed a manticore
 11746 | D:10     | Noticed a gargoyle
 11757 | D:10     | Killed a gargoyle
 11758 | D:10     | Reached XP level 11. HP: 48/79 MP: 14/14
 11877 | D:10     | Found a burning altar of Makhleb.
 12028 | D:10     | Noticed a two-headed ogre
 12043 | D:10     | Killed a two-headed ogre
 12044 | D:10     | Reached skill level 5 in Invocations
 12153 | D:10     | Noticed a two-headed ogre
 12166 | D:10     | Killed a two-headed ogre
 12454 | D:10     | Identified the +10 long sword "Qaocruahos" {flame, Str+7}
 12755 | D:11     | Reached skill level 6 in Fighting
 12778 | D:11     | Noticed Erolcha
 12785 | D:11     | Killed Erolcha
 12884 | D:11     | Reached *** piety under Yredelemnul
 13066 | D:11     | Your ally Erolcha died
 13069 | D:11     | Reached skill level 7 in Fighting
 13158 | D:11     | Noticed a two-headed ogre
 13168 | D:11     | Killed a two-headed ogre
 13453 | D:12     | Received a gift from Yredelemnul (5 flying skulls)
 13584 | D:12     | Noticed a two-headed ogre
 13588 | D:12     | Killed a two-headed ogre
 13682 | D:12     | Noticed a two-headed ogre
 13688 | D:12     | Killed a two-headed ogre
 13767 | D:12     | Noticed a two-headed ogre
 13779 | D:12     | Killed a two-headed ogre
 13937 | D:12     | Noticed a two-headed ogre
 13946 | D:12     | Killed a two-headed ogre
 13947 | D:12     | Gained mutation: You have a pair of large horns on your
                  | head. [demonic ancestry]
 13947 | D:12     | Reached XP level 12. HP: 84/91 MP: 15/15
 14358 | D:8      | Killed a six-headed hydra
 14805 | Lair:1   | Reached **** piety under Yredelemnul
 14951 | Lair:1   | Noticed an eight-headed hydra
 14954 | Lair:1   | Noticed a five-headed hydra
 14961 | Lair:1   | Killed an eight-headed hydra
 14966 | Lair:1   | Killed a five-headed hydra
 15847 | Lair:2   | Found a staircase to the Swamp.
 16587 | Lair:2   | Reached skill level 8 in Fighting
 16657 | Lair:2   | Noticed a death yak
 16667 | Lair:2   | Noticed a death yak
 16681 | Lair:2   | Killed a death yak
 16698 | Lair:2   | Killed a death yak
 17101 | Lair:3   | Gained mutation: A meltable icy envelope protects you from
                  | harm. (AC +8) [demonic ancestry]
 17101 | Lair:3   | Reached XP level 13. HP: 62/99 MP: 16/16
 17360 | Lair:3   | Received a gift from Yredelemnul (a mummy)
 17402 | Lair:3   | Reached skill level 9 in Fighting
 18041 | Lair:3   | Received a gift from Yredelemnul (a wight)
 18220 | Lair:3   | Found a staircase to the Snake Pit.
 18289 | Lair:3   | Noticed Fannar
 18302 | Lair:3   | Killed Fannar
 18976 | Lair:4   | Noticed Josephine
 18988 | Lair:4   | Killed Josephine
 19050 | Lair:4   | Found a dark tunnel.
 19057 | Volcano  | Entered a volcano
 19198 | Volcano  | Noticed a fire dragon
 19218 | Volcano  | Killed a fire dragon
 19649 | Lair:4   | Received a gift from Yredelemnul (a mummy)
 19965 | Lair:4   | Reached XP level 14. HP: 109/109 MP: 19/19
 20613 | Lair:5   | Reached skill level 10 in Fighting
 20896 | Lair:5   | Found a staircase to the Slime Pits.
 21139 | Lair:5   | You fall into a shaft and drop 1 floor!
 21139 | Lair:6   | Entered Level 6 of the Lair of Beasts
 21139 | Lair:6   | Found a runed translucent door.
 21232 | Lair:5   | Reached ***** piety under Yredelemnul
 21639 | Lair:6   | Found a runed translucent gate.
 21639 | Lair:6   | Found a runed translucent gate.
 21639 | Lair:6   | Found a runed translucent gate.
 21639 | Lair:6   | Noticed CougarLife's ghost (journeyman GnFi)
 21719 | Lair:6   | Acquired the ring "Ontuk" {Ice rElec rN+}
 21721 | Lair:6   | Reached skill level 10 in Shields
 21721 | Lair:6   | Reached XP level 15. HP: 117/117 MP: 20/20
 21903 | Lair:6   | Reached skill level 11 in Fighting
 22232 | Lair:6   | Received a gift from Yredelemnul (a wraith)
 22917 | Lair:6   | Reached skill level 12 in Fighting
 22922 | Lair:6   | Paralysed by a hornet for 1 turns
 24799 | D:14     | Received a gift from Yredelemnul (a wraith)
 24984 | D:14     | Found a gate to the Vaults.
 25043 | D:14     | Found a broken altar of Ashenzari.
 25047 | D:14     | Received a gift from Yredelemnul (a wraith)
 25079 | D:14     | Reached skill level 10 in Armour
 25203 | D:14     | Cast into level 2 of the Abyss (a wizard)
 25203 | Abyss:2  | Found a corrupted altar of Lugonu.
 25278 | Abyss:2  | Gained mutation: You passively map a small area around you.
                  | [a neqoxec]
 25422 | Abyss:2  | Noticed a tentacled starspawn
 25440 | Abyss:2  | Killed a tentacled starspawn
 25685 | Abyss:2  | Gained mutation: You are extremely frail. (-30% HP) [a
                  | cacodemon]
 25804 | Abyss:2  | Gained mutation: Your magical and physical power is
                  | slightly enhanced at high health. [demonic ancestry]
 25804 | Abyss:2  | Reached XP level 16. HP: 79/114 MP: 22/22
 25822 | Abyss:2  | Gained mutation: You are occasionally teleported next to
                  | monsters. [a neqoxec]
 25873 | Abyss:2  | Received a gift from Yredelemnul (a wight)
 25968 | Abyss:2  | Reached ****** piety under Yredelemnul
 26018 | Abyss:2  | Noticed a dread lich
 26060 | Abyss:2  | Found a runed translucent door.
 26102 | Abyss:2  | Noticed a dread lich
 26111 | Abyss:2  | Noticed an Ice Fiend
 26113 | Abyss:2  | Noticed an Ice Fiend
 26119 | Abyss:2  | Killed a dread lich
 26120 | Abyss:2  | Reached skill level 10 in Dodging
 26120 | Abyss:2  | Reached skill level 10 in Invocations
 26213 | Abyss:2  | Noticed a tentacled starspawn
 26376 | Abyss:2  | Noticed a bone dragon
 26402 | Abyss:2  | Killed a bone dragon
 26482 | Abyss:2  | Upgraded the game from 0.27-a0-1188-g73eefd5def to
                  | 0.27-a0-1189-gb8eb6cee8e
 26604 | Abyss:2  | Upgraded the game from 0.27-a0-1189-gb8eb6cee8e to
                  | 0.27-a0-1191-g601b473118
 26704 | Abyss:2  | Noticed a tentacled starspawn
 26713 | Abyss:2  | Killed a tentacled starspawn
 26725 | D:14     | Escaped the Abyss
 26869 | D:14     | Received a gift from Yredelemnul (a wraith)
 26979 | D:14     | Found Canot's Weapon Shop.
 26987 | D:14     | Bought the +10 trident "Onaedyc" {vorpal, *Rage Int+2 Dex+4
                  | SInv} for 999 gold pieces
 27113 | D:14     | Found a runed translucent door.
 27320 | D:14     | Received a gift from Yredelemnul (a wraith)
 27357 | D:14     | Received a gift from Yredelemnul (a wraith)
 27747 | Lair:6   | Killed CougarLife's ghost
 27764 | Lair:6   | Lost mutation: You passively map a small area around you.
                  | [potion of mutation]
 27764 | Lair:6   | Gained mutation: You are very frail. (-20% HP) [potion of
                  | mutation]
 27764 | Lair:6   | Gained mutation: You expend magic power (3 MP) to
                  | strengthen your wands. [potion of mutation]
 27764 | Lair:6   | Gained mutation: Your spells are a little easier to cast,
                  | but a little less powerful. [potion of mutation]
 27846 | Lair:4   | Identified the Handbook of Gliding Evil Magic
 27854 | Lair:4   | Learned a level 5 spell: Borgnjor's Vile Clutch
 27859 | Lair:4   | Learned a level 4 spell: Animate Armour
 27868 | Lair:4   | Lost mutation: You expend magic power (3 MP) to strengthen
                  | your wands. [potion of mutation]
 27868 | Lair:4   | Lost mutation: Your spells are a little easier to cast, but
                  | a little less powerful. [potion of mutation]
 27868 | Lair:4   | Gained mutation: You expend magic power (3 MP) to
                  | strengthen your wands. [potion of mutation]
 27868 | Lair:4   | Lost mutation: You are very frail. (-20% HP) [potion of
                  | mutation]
 27966 | Lair:1   | Lost mutation: You are occasionally teleported next to
                  | monsters. [potion of mutation]
 27966 | Lair:1   | Lost mutation: You are frail. (-10% HP) [potion of
                  | mutation]
 27966 | Lair:1   | Gained mutation: Your flesh is heat resistant. (rF+)
                  | [potion of mutation]
 28595 | D:15     | Entered Level 15 of the Dungeon
 29074 | D:15     | Paralysed by an orc sorcerer for 2 turns
 29129 | D:15     | Paralysed by an orc sorcerer for 6 turns
 29163 | D:15     | Found a staircase to the Depths.
 29385 | D:15     | Identified the +8 hunting sling "Elun" {vorpal, *Slow rC+
                  | Int+7}
 29585 | D:15     | Identified the +10 falchion of Coaton {vorpal, rC+ rN+
                  | Str-5}
 29745 | D:15     | Gained mutation: You regenerate a lot of health from kills.
                  | [demonic ancestry]
 29745 | D:15     | Reached XP level 17. HP: 135/135 MP: 26/26
 30052 | D:15     | Received a gift from Yredelemnul (5 flying skulls)
 30379 | Orc:1    | Entered Level 1 of the Orcish Mines
 30564 | Orc:1    | Found Kaassich's Distillery.
 30674 | Orc:1    | Bought 2 potions of invisibility for 224 gold pieces
 30674 | Orc:1    | Bought a potion of might for 56 gold pieces
 30674 | Orc:1    | Bought 2 potions of heal wounds for 140 gold pieces
 30674 | Orc:1    | Bought a potion of heal wounds for 70 gold pieces
 30674 | Orc:1    | Bought a potion of heal wounds for 70 gold pieces
 30674 | Orc:1    | Bought a potion of curing for 42 gold pieces
 30674 | Orc:1    | Bought a potion of might for 56 gold pieces
 30901 | Orc:1    | Reached skill level 1 in Spellcasting
 31040 | Orc:2    | Entered Level 2 of the Orcish Mines
 31096 | Orc:2    | Reached skill level 13 in Fighting
 31096 | Orc:2    | Received a gift from Yredelemnul (a vampire knight)
 31397 | Orc:2    | Found a runed translucent door.
 31444 | Orc:2    | Found the +10 tower shield of Ignorance {rN+ Int-4}
 31449 | Orc:2    | Found a runed translucent door.
 31704 | Orc:2    | Found Quninnoy's Distillery.
 31704 | Orc:2    | Found Yrghasei's Book Boutique.
 31752 | Orc:2    | Bought a potion of curing for 48 gold pieces
 31752 | Orc:2    | Bought a potion of curing for 48 gold pieces
 31770 | Orc:2    | Found a staircase to the Elven Halls.
 31973 | Orc:2    | Found Aripej's Antique Weapon Boutique.
 31988 | Orc:2    | Received a gift from Yredelemnul (a flayed ghost)
 32014 | Orc:2    | Found Belafy's Book Emporium.
 32299 | D:4      | Bought a potion of curing for 90 gold pieces
 32485 | Orc:2    | Bought a glowing demon trident for 612 gold pieces
 33102 | Elf:1    | Entered Level 1 of the Elven Halls
 33220 | Elf:1    | Reached skill level 1 in Summonings
 33242 | Elf:1    | Received a gift from Yredelemnul (a skeletal warrior)
 33355 | Elf:1    | Noticed Donald
 33369 | Elf:1    | Killed Donald
 33493 | Elf:1    | Received a gift from Yredelemnul (a skeletal warrior)
 33544 | Elf:1    | Received a gift from Yredelemnul (a phantasmal warrior)
 33648 | Elf:1    | Found a radiant altar of Vehumet.
 33987 | Elf:1    | Received a gift from Yredelemnul (a flayed ghost)
 34349 | Elf:2    | Reached skill level 14 in Fighting
 34379 | Elf:2    | Reached skill level 5 in Summonings
 34392 | Elf:2    | Received a gift from Yredelemnul (a flayed ghost)
 34423 | Elf:2    | Reached skill level 1 in Necromancy
 34581 | Elf:2    | Found a runed translucent gate.
 34581 | Elf:2    | Found a runed translucent gate.
 34581 | Elf:2    | Found a runed translucent gate.
 34835 | Elf:2    | Found a runed translucent door.
 34888 | Elf:2    | Received a gift from Yredelemnul (a ghoul)
 35014 | Elf:2    | Reached skill level 5 in Necromancy
 35043 | Elf:2    | Reached skill level 1 in Earth Magic
 35229 | Elf:2    | Received a gift from Yredelemnul (a profane servitor)
 35342 | Elf:2    | Reached skill level 15 in Fighting
 35358 | Elf:2    | Received a gift from Yredelemnul (a vampire knight)
 35490 | Elf:3    | Entered Level 3 of the Elven Halls
 35552 | Elf:3    | Reached XP level 18. HP: 149/149 MP: 27/27
 35700 | Elf:3    | Cast into level 2 of the Abyss (a deep elf demonologist)
 35821 | Abyss:2  | Received a gift from Yredelemnul (a phantasmal warrior)
 35996 | Abyss:2  | Received a gift from Yredelemnul (a vampire)
 36021 | Abyss:2  | Paralysed by accursed screaming for 1 turns
 36033 | Abyss:2  | Received a gift from Yredelemnul (a ghoul)
 36119 | Abyss:2  | Reached skill level 5 in Earth Magic
 36310 | Abyss:2  | Received a gift from Yredelemnul (a vampire)
 36374 | Abyss:2  | Received a gift from Yredelemnul (a phantasmal warrior)
 36395 | Elf:3    | Escaped the Abyss
 36573 | Elf:3    | Identified the +8 quick blade of the Shining Light {vorpal,
                  | rN+ rCorr Int+4 Dex+3}
 36596 | Elf:3    | Identified the +3 leather armour of Blue Brilliance {+Inv
                  | Str+4 Int+4}
 36603 | Elf:3    | Cast into level 2 of the Abyss (a deep elf sorcerer)
 36737 | Abyss:2  | Received a gift from Yredelemnul (a skeletal warrior)
 36879 | Abyss:2  | Noticed a hellephant
 36889 | Abyss:2  | Paralysed by accursed screaming for 1 turns
 36924 | Abyss:2  | Received a gift from Yredelemnul (a flayed ghost)
 36949 | Elf:3    | Escaped the Abyss
 37106 | Elf:3    | Identified the +11 short sword of Equivalence {vorpal,
                  | rCorr}
 37131 | Elf:3    | Identified the +3 robe of Efifym {Will++ Int-2}
 37139 | Elf:3    | Reached skill level 5 in Spellcasting
 37325 | Elf:3    | Identified the +1 shortbow "Namuymm" {speed, Stlth+}
 38012 | Elf:3    | Found a radiant altar of Vehumet.
 38231 | Elf:3    | Identified the +1 scale mail of Generosity {rF+}
 38279 | Elf:3    | Found Buhewn's Book Shop.
 38279 | Elf:3    | Found Wofoebau's Jewellery Emporium.
 38280 | Elf:3    | Found Tubiabir's Jewellery Emporium.
 38533 | Swamp:1  | Entered Level 1 of the Swamp
 38547 | Swamp:1  | Noticed Frances
 38560 | Swamp:1  | Killed Frances
 38560 | Swamp:1  | Enslaved Frances
 38796 | Swamp:1  | Reached XP level 19. HP: 149/155 MP: 26/28
 38824 | Swamp:1  | Received a gift from Yredelemnul (a flayed ghost)
 38930 | Swamp:1  | Your ally Frances died
 39671 | Swamp:2  | Received a gift from Yredelemnul (a flayed ghost)
 39985 | Swamp:2  | Found a hazy altar of Hepliaklqana.
 40211 | Swamp:3  | Received a gift from Yredelemnul (a flayed ghost)
 40644 | Swamp:3  | Received a gift from Yredelemnul (a phantasmal warrior)
 40775 | Swamp:3  | Noticed Jorgrun
 40781 | Swamp:3  | Killed Jorgrun
 40871 | Swamp:4  | Entered Level 4 of the Swamp
 40885 | Swamp:4  | Received a gift from Yredelemnul (a skeletal warrior)
 40905 | Swamp:4  | Reached skill level 1 in Short Blades
 40945 | Swamp:4  | Noticed the 27-headed Lernaean hydra
 40957 | Swamp:4  | Killed the 27-headed Lernaean hydra
 40960 | Swamp:4  | Your ally Lernaean died
 41262 | Swamp:4  | Received a gift from Yredelemnul (a vampire)
 41487 | Swamp:4  | Got a decaying rune of Zot
 41660 | Swamp:4  | Received a gift from Yredelemnul (a skeletal warrior)
 41925 | Swamp:4  | Received a gift from Yredelemnul (a vampire knight)
 42210 | Snake:1  | Entered Level 1 of the Snake Pit
 42597 | Snake:1  | Received a gift from Yredelemnul (a phantasmal warrior)
 42598 | Snake:1  | Reached skill level 5 in Short Blades
 44169 | Snake:2  | You fall into a shaft and drop 1 floor!
 44228 | Snake:3  | Received a gift from Yredelemnul (a profane servitor)
 44330 | Snake:3  | Reached XP level 20. HP: 164/164 MP: 27/30
 44396 | Snake:3  | Received a gift from Yredelemnul (a ghoul)
 44949 | Snake:3  | Received a gift from Yredelemnul (a phantasmal warrior)
 44958 | Snake:3  | Acquired a manual of Shields
 44970 | Snake:3  | Reached skill level 16 in Fighting
 45274 | Snake:4  | Entered Level 4 of the Snake Pit
 45287 | Snake:4  | Found a frozen archway.
 45307 | IceCv    | Entered an ice cave
 45983 | IceCv    | Received a gift from Yredelemnul (a vampire knight)
 46197 | IceCv    | Received a gift from Yredelemnul (a ghoul)
 46385 | IceCv    | Identified the +2 pair of boots "Ciril" {Dex+3}
 46964 | Snake:4  | Found a hide-covered altar of Uskayaw.
 47258 | Snake:4  | Received a gift from Yredelemnul (a skeletal warrior)
 47258 | Snake:4  | Reached skill level 17 in Fighting
 47278 | Snake:4  | Received a gift from Yredelemnul (a bone dragon)
 47707 | Snake:4  | Received a gift from Yredelemnul (a vampire)
 47735 | Snake:4  | Got a serpentine rune of Zot
 48168 | Vaults:1 | Entered Level 1 of the Vaults
 48208 | Vaults:1 | Reached skill level 1 in Slings
 48208 | Vaults:1 | Reached skill level 1 in Throwing
 48394 | Vaults:1 | Received a gift from Yredelemnul (a profane servitor)
 49098 | Vaults:1 | Received a gift from Yredelemnul (a ghoul)
 49186 | Vaults:1 | Reached XP level 21. HP: 174/174 MP: 31/31
 49189 | Vaults:1 | Received a gift from Yredelemnul (a flayed ghost)
 49631 | Vaults:2 | Noticed Sojobo
 49644 | Vaults:2 | Received a gift from Yredelemnul (a phantasmal warrior)
 49651 | Vaults:2 | Killed Sojobo
 49652 | Vaults:2 | Reached skill level 15 in Shields
 49908 | Vaults:2 | Found a runed translucent door.
 50017 | Vaults:2 | Learned a level 1 spell: Apportation
 50507 | Vaults:2 | Noticed Xtahua
 50517 | Vaults:2 | Killed Xtahua
 50741 | Vaults:2 | Reached skill level 18 in Fighting
 50764 | Vaults:2 | Noticed Irilyjoq's ghost (legendary FoFi)
 50876 | Vaults:3 | Found a staircase to the Crypt.
 50876 | Vaults:3 | Found an ancient bone altar of Kikubaaqudgha.
 50877 | Vaults:3 | Found a basalt altar of Yredelemnul.
 50978 | Vaults:3 | Received a gift from Yredelemnul (a phantasmal warrior)
 51947 | Vaults:3 | Received a gift from Yredelemnul (a vampire)
 52600 | Vaults:4 | Upgraded the game from 0.27-a0-1191-g601b473118 to
                  | 0.27-a0-1193-g8631133539
 52735 | Vaults:4 | Reached skill level 1 in Translocations
 52822 | Vaults:4 | Received a gift from Yredelemnul (a profane servitor)
 53170 | Vaults:4 | Gained mutation: You are completely covered in icy blue
                  | scales. (AC +4, rC+) [demonic ancestry]
 53170 | Vaults:4 | Reached XP level 22. HP: 184/184 MP: 30/32
 54454 | Depths:1 | Entered Level 1 of the Depths
 54495 | Depths:1 | Found a gateway to Hell.
 54649 | Depths:1 | Received a gift from Yredelemnul (a phantasmal warrior)
 54855 | Depths:1 | Found a snail-covered altar of Cheibriados.
 55094 | Depths:1 | Received a gift from Yredelemnul (a vampire)
 55478 | Depths:1 | Reached skill level 5 in Translocations
 55552 | Depths:2 | Noticed Aizul
 55563 | Depths:2 | Killed Aizul
 55563 | Depths:2 | Enslaved Aizul
 56284 | Depths:2 | Received a gift from Yredelemnul (a skeletal warrior)
 56288 | Depths:2 | Your ally Aizul died
 56293 | Depths:2 | Reached skill level 15 in Dodging
 56818 | Depths:3 | Identified the +1 short sword of Kindness {drain, Will+
                  | Str-3 Int+2 Stlth+}
 56891 | Depths:3 | Received a gift from Yredelemnul (a flayed ghost)
 57031 | Depths:3 | Acquired 1123 gold pieces
 57057 | Depths:3 | Found a gateway to a ziggurat.
 57121 | Depths:3 | Identified the +6 chain mail of the Wasteland {rPois}
 57132 | Depths:3 | Identified the Almanac of the Creative Mountains
 57205 | Depths:3 | Received a gift from Yredelemnul (a phantasmal warrior)
 57242 | Depths:3 | Reached skill level 19 in Fighting
 57362 | Depths:3 | Found a one-way gate leading to the halls of Pandemonium.
 57411 | Depths:3 | Received a gift from Yredelemnul (a skeletal warrior)
 57576 | Depths:3 | Learned a level 3 spell: Portal Projectile
 58420 | Depths:4 | Noticed Frederick
 58439 | Depths:4 | Killed Frederick
 58583 | Depths:4 | Paralysed by a floating eye for 3 turns
 58618 | Depths:4 | Found a one-way gate to the infinite horrors of the Abyss.
 58627 | Depths:4 | Received a gift from Yredelemnul (a vampire knight)
 58629 | Depths:4 | Found a shadowy altar of Dithmenos.
 58629 | Depths:4 | Found a sparkling altar of Nemelex Xobeh.
 58630 | Depths:4 | Found a radiant altar of Vehumet.
 58838 | Depths:4 | Noticed a golden dragon
 58844 | Depths:4 | Killed a golden dragon
 58858 | Depths:4 | Gained mutation: A meltable icy envelope protects you from
                  | harm. (AC +8) [demonic ancestry]
 58858 | Depths:4 | Reached XP level 23. HP: 185/196 MP: 33/33
 59067 | Depths:4 | Reached skill level 20 in Fighting
 59453 | Depths:4 | Noticed a caustic shrike
 59466 | Depths:4 | Killed a caustic shrike
 59480 | Depths:4 | Noticed a caustic shrike
 59488 | Depths:4 | Killed a caustic shrike
 59490 | Depths:4 | Noticed a juggernaut
 59508 | Depths:4 | Killed a juggernaut
 59751 | Depths:4 | Noticed a caustic shrike
 59753 | Depths:4 | Received a gift from Yredelemnul (a skeletal warrior)
 59774 | Depths:4 | Killed a caustic shrike
 59775 | Depths:4 | Reached skill level 15 in Armour
 59868 | Depths:4 | Reached skill level 21 in Fighting
 59892 | Depths:4 | Reached skill level 5 in Throwing
 59907 | Depths:4 | Received a gift from Yredelemnul (a vampire knight)
 61062 | Depths:5 | Entered Level 5 of the Depths
 61155 | Depths:5 | Received a gift from Yredelemnul (a vampire knight)
 61254 | Depths:5 | Received a gift from Yredelemnul (a profane servitor)
 61607 | Depths:5 | Found Dithy's Assorted Antiques.
 61617 | Depths:5 | Bought a potion of heal wounds for 175 gold pieces
 61617 | Depths:5 | Bought a scroll of acquirement for 1820 gold pieces
 61617 | Depths:5 | Acquired a manual of Dodging
 61733 | Depths:5 | Found a hazy altar of Hepliaklqana.
 61914 | Depths:5 | Found a gate to the Realm of Zot.
 61918 | Depths:5 | Received a gift from Yredelemnul (a ghoul)
 62985 | Vaults:5 | Entered Level 5 of the Vaults
 63002 | Vaults:5 | Received a gift from Yredelemnul (a phantasmal warrior)
 63011 | Vaults:5 | Reached XP level 24. HP: 209/209 MP: 28/33
 63012 | Vaults:5 | Noticed a dread lich
 63015 | Vaults:5 | Received a gift from Yredelemnul (a vampire knight)
 63030 | Vaults:5 | Paralysed by something for 7 turns
 63053 | Vaults:5 | Received a gift from Yredelemnul (a profane servitor)
 63072 | Vaults:5 | Killed a dread lich
 63485 | Vaults:5 | Received a gift from Yredelemnul (a vampire knight)
 63663 | Vaults:5 | Received a gift from Yredelemnul (a ghoul)
 63772 | Vaults:5 | Reached skill level 22 in Fighting
 63847 | Vaults:5 | Noticed an ancient lich
 63862 | Vaults:5 | Killed an ancient lich
 64289 | Vaults:5 | Learned a level 2 spell: Blink
 64360 | Vaults:5 | Received a gift from Yredelemnul (a bone dragon)
 64360 | Vaults:5 | Noticed an ancient lich
 64379 | Vaults:5 | Killed an ancient lich
 64418 | Vaults:5 | Got a silver rune of Zot
 64614 | Vaults:5 | Identified the +1 robe of Inquiry {Str+3}
 64615 | Vaults:5 | Identified the +7 quarterstaff of Untimely Demise {vamp,
                  | Contam *Corrode rElec Int+4 Dex+5}
 65415 | Hell     | Entered the Vestibule of Hell
 65415 | Hell     | Noticed Geryon
 66305 | Hell     | Received a gift from Yredelemnul (a profane servitor)
 66322 | Hell     | Killed Geryon
 66323 | Hell     | Reached skill level 10 in Throwing
 66370 | Hell     | Received a gift from Yredelemnul (a skeletal warrior)
 66381 | Hell     | Received a gift from Yredelemnul (a vampire knight)
 66401 | Hell     | Received a gift from Yredelemnul (a vampire knight)
 66505 | Hell     | Found a gateway to the ashen valley of Gehenna.
 66582 | Hell     | Found a gateway to the Iron City of Dis.
 66650 | Hell     | Found a gateway to the freezing wastes of Cocytus.
 66726 | Hell     | Found a gateway to the decaying netherworld of Tartarus.
 68175 | Coc:1    | Entered Level 1 of Cocytus
 68659 | Orc:1    | Bought a potion of flight for 42 gold pieces
 69079 | Coc:1    | Received a gift from Yredelemnul (a skeletal warrior)
 69086 | Coc:1    | Noticed a shard shrike
 69093 | Coc:1    | Killed a shard shrike
 69162 | Coc:1    | Gained mutation: Your magical and physical power is
                  | enhanced at high health. [demonic ancestry]
 69162 | Coc:1    | Reached XP level 25. HP: 120/217 MP: 33/33
 69215 | Coc:1    | Noticed a shard shrike
 69216 | Coc:1    | Killed a shard shrike
 69339 | Coc:2    | Received a gift from Yredelemnul (a flayed ghost)
 69505 | Coc:3    | Received a gift from Yredelemnul (a vampire knight)
 69691 | Coc:5    | Received a gift from Yredelemnul (a vampire)
 69757 | Coc:5    | Received a gift from Yredelemnul (a vampire)
 69836 | Coc:5    | Received a gift from Yredelemnul (a ghoul)
 69967 | Coc:5    | Received a gift from Yredelemnul (a phantasmal warrior)
 70027 | Coc:5    | Noticed a shard shrike
 70029 | Coc:5    | Killed a shard shrike
 70286 | Coc:5    | Reached skill level 23 in Fighting
 70289 | Coc:5    | Received a gift from Yredelemnul (a ghoul)
 70361 | Coc:6    | Noticed a shard shrike
 70366 | Coc:6    | Noticed a shard shrike
 70366 | Coc:6    | Noticed a shard shrike
 70366 | Coc:6    | Noticed a shard shrike
 70366 | Coc:6    | Killed a shard shrike
 70366 | Coc:6    | Noticed a shard shrike
 70373 | Coc:6    | Killed a shard shrike
 70374 | Coc:6    | Killed a shard shrike
 70374 | Coc:6    | Received a gift from Yredelemnul (a vampire knight)
 70375 | Coc:6    | Killed a shard shrike
 70377 | Coc:6    | Killed a shard shrike
 70382 | Coc:6    | Received a gift from Yredelemnul (a skeletal warrior)
 70387 | Coc:6    | Reached skill level 24 in Fighting
 70474 | Coc:6    | Received a gift from Yredelemnul (a skeletal warrior)
 70530 | Coc:7    | Entered Level 7 of Cocytus
 70560 | Coc:7    | Received a gift from Yredelemnul (a profane servitor)
 70583 | Coc:7    | Received a gift from Yredelemnul (a ghoul)
 70620 | Coc:7    | Noticed the Serpent of Hell
 70631 | Coc:7    | Killed the Serpent of Hell
 70631 | Coc:7    | Enslaved the Serpent of Hell
 70634 | Coc:7    | Noticed a shard shrike
 70635 | Coc:7    | Received a gift from Yredelemnul (a phantasmal warrior)
 70638 | Coc:7    | Killed a shard shrike
 70668 | Coc:7    | Noticed Antaeus
 70967 | Coc:4    | You fall into a shaft and drop 1 floor!
 71000 | Coc:5    | Received a gift from Yredelemnul (a vampire knight)
 71408 | Coc:5    | Noticed a shard shrike
 71427 | Coc:5    | Killed a shard shrike
 71594 | Coc:6    | Noticed a shard shrike
 71596 | Coc:6    | Noticed a shard shrike
 71597 | Coc:6    | Noticed a shard shrike
 71597 | Coc:6    | Noticed a shard shrike
 71605 | Coc:6    | Killed a shard shrike
 71605 | Coc:6    | Received a gift from Yredelemnul (a skeletal warrior)
 71606 | Coc:6    | Reached skill level 25 in Fighting
 71606 | Coc:6    | Gained mutation: Your magical and physical power is greatly
                  | enhanced at high health. [demonic ancestry]
 71606 | Coc:6    | Reached XP level 26. HP: 200/235 MP: 33/33
 71699 | Coc:6    | Received a gift from Yredelemnul (a ghoul)
 71896 | Coc:6    | Received a gift from Yredelemnul (a flayed ghost)
 72235 | Coc:7    | HP: 11/235 [blizzard demon/the air (15)]
 72518 | Coc:7    | Received a gift from Yredelemnul (a bone dragon)
 72745 | Coc:7    | Identified the +5 kite shield of Boredom {Str+3 Dex-3}
 72785 | Coc:7    | Identified the Tome of the Unstable Frostbite
 72985 | Coc:7    | Killed Antaeus
 73144 | Coc:7    | Received a gift from Yredelemnul (a skeletal warrior)
 73343 | Coc:7    | Got an icy rune of Zot
 74086 | Zot:1    | Entered Level 1 of the Realm of Zot
 74173 | Zot:1    | HP: 10/235 [tentacled monstrosity (5)]
 74178 | Zot:1    | HP: 7/235 [tentacled monstrosity (9)]
 74178 | Zot:1    | Splashed by a yellow draconian's acid

Illustrated notes

Levels and vault maps discovered:
D:1:      pf_arrival_petrified_forest, layout_rooms,
          hellmonk_ecumenical_altar_leap_of_faith, st_stairs_12
D:2:      layout_basic, minmay_stone_trees_small, minmay_pentomino_r4
D:3:      wander_river, layout_loops_ring, okawaru_gym_becter, serial_shops,
          shop, uniq_ijyb, uniq_sigmund
D:4:      layout_gridville, zin_purify
D:5:      layout_basic, uniq_blork_the_orc
D:6:      layout_cave_pods
D:7:      layout_rooms, minmay_temple_entry_nine_rooms, minmay_quadrilaterals,
          uniq_joseph
D:8:      layout_cave_pools, lemuel_doored_altar, minivault_14,
          serial_bayou_ford_a, st_stairs_2
D:9:      layout_roguey [special_room_orc], minmay_orc_entry_temple_small
D:10:     layout_loops_ring, lemuel_tele_altar
D:11:     layout_loops_ring, minmay_misc_feat_five, uniq_erolcha
D:12:     layout_roguey
D:13:     layout_stronghold
D:14:     layout_cave_pods, david_vaults_2, cheibrodos_ashenzari_chains,
          serial_shops, shop_fountains, lightli_airlock
D:15:     grunt_enter_depths_magical_seal, layout_grid_maze, good_gods_temple_1,
          grunt_ministairs_15, minmay_hollow_rounded_squares
Temple:   regret_index_temple_mists
Lair:1:   layout_hall_layers, basic_altar
Lair:2:   layout_chaotic_city, minmay_swamp_entry_worms, minivault_26,
          st_stairs_13, chequers_serial_rivers_micro_e, serial_bayou_shore_a
Lair:3:   layout_chaotic_city, minmay_snake_entry_six_corridors, uniq_fannar
Lair:4:   layout_loops_ring, enter_volcano_2, minmay_lair_oklob_items,
          hibernation_bobbens, lemuel_fruit_tree, uniq_josephine
Lair:5:   layout_hall_layers, minmay_slime_entry_pillars, wad_woods_02
Lair:6:   guppyfry_lair_end_dragon, layout_regular_city, wormcave,
          gammafunk_ghost_hydra_chop
Swamp:1:  layout_basic_swamp, evilmike_swamp_ruin_house_4, uniq_frances
Swamp:2:  layout_basic_swamp, evilmike_swamp_ruin_rubble_2, swamp_pool5,
          nicolae_swamp_godswood
Swamp:3:  layout_basic_swamp, evilmike_swamp_ruin_house_5, uniq_jorgrun
Swamp:4:  swamp_alternative, layout_basic_swamp, swamp_pool2
Snake:1:  nicolae_snake_hallway, layout_chambers, eino_curves_03,
          nicolae_snake_serpentine_hallways, grunt_megastairs_5
Snake:2:  layout_grid_shapes, grunt_ministairs_9, st_stairs_8,
          nicolae_snake_linked_coils, grunt_megastairs_4
Snake:3:  layout_misc_corridors
Snake:4:  grunt_snake_rune_serpentine_throne, layout_rooms, basic_altar,
          portal_ice_cave_entry_pillars_three
Orc:1:    layout_caves, serial_shops, shop, basic_altar, mines_bat_river
Orc:2:    st_orc_town, layout_diamond_mine, nicolae_orc_sculptors_studio,
          chequers_guarded_unrand_ignorance
Elf:1:    kennysheep_spiral_hall, layout_onion_city, basic_altar,
          hangedman_corner_corridor, uniq_donald
Elf:2:    layout_rooms, minivault_13
Elf:3:    grunt_elf_hall_branching, layout_loops_ring, basic_altar, hex_medium,
          minmay_shop_grove, lemuel_upstairs_altar
Vaults:1: vaults_room_fancy_cross, nicolae_vaults_windows_and_doors_thing,
          nicolae_vaults_circle_grid_a, dpeg_vaults_monster_row,
          nicolae_vaults_little_squares_5, v_misc_25,
          nicolae_vaults_mini_display_case, nicolae_vaults_little_ls,
          vaults_room_fours, v_misc_16, nicolae_vaults_circle_grid_a,
          nicolae_vaults_network_barrier, v_misc_30, vaults_room_stairs_pillars,
          ontoclasm_vaults_shuriken, layout_vaults_omnibox
Vaults:2: ebering_vaults_ghost_reflecting_pool, v_misc_4, v_misc_4,
          vaults_room_grunt_arrival_ludios, nicolae_vaults_meeting,
          nicolae_vaults_little_squares_2, vaults_standard_mumra_x,
          layout_vaults_big_room, uniq_sojobo, uniq_xtahua
Vaults:3: ontoclasm_vaults_ring_square, v_pattern_1, hangedman_vaults_nails,
          minmay_crypt_entry_necro_gods, v_misc_30, hangedman_vaults_maws,
          st_lines, v_rooms_3, v_alt_pattern_2, vaults_room_ringed_pool,
          ontoclasm_vaults_pinch, vaults_mumra_lcd, grunt_vaults_hallway_short,
          layout_vaults_omnicross
Vaults:4: hangedman_vaults_stagger, v_misc_12, v_pattern_3,
          vaults_room_fancy_cross, vaults_room_door_hall, v_misc_25,
          vaults_room_stairs_pillars, vaults_room_stairs_pillars,
          layout_vaults_omnigrid
Vaults:5: serial_shops
Depths:1: layout_gridlike, grunt_decor_resistance, hell_entry, slow_altar_2
Depths:2: kennysheep_funnel, layout_basic, serial_sigils_hangedman_clutch,
          grunt_hell_entry_dis_old, infiniplex_staircase_x,
          serial_bayou_shore_b, uniq_aizul
Depths:3: minmay_the_grid_octo_tiled_octocenter_mashed
          [minmay_the_grid_octo_focus, minmay_the_grid_octo_clover,
          minmay_the_grid_octo_pinwheel, minmay_the_grid_octo_odd_swirl,
          minmay_the_grid_octo_prize_single_spiral,
          minmay_the_grid_square_5x5_checkered_statues,
          minmay_the_grid_square_5x5_bracketed,
          minmay_the_grid_square_5x5_eight,
          minmay_the_grid_square_5x5_almost_minimal], layout_cave_pools,
          enter_ziggurat_f, grunt_pan_entry_sceptre,
          hangedman_decor_clover_reticule, pf_hell_entry_great_geh,
          kennysheep_nondescript, grunt_ministairs_12, grunt_decor_one_mirror
Depths:4: hangedman_slaughterboxes, hell_entry, abyss_entry, uniq_frederick
Depths:5: grunt_zot_entry_gee_three, layout_basic, hell_entry, serial_shops,
          shop, nzn_hepliaklqana_mist_gate
Hell
Coc:1:    layout_ice_bergs
Coc:2:    layout_ice_bergs
Coc:3:    layout_ice_bergs
Coc:4:    layout_cocytus_water_paths
Coc:5:    layout_ice_bergs
Coc:6:    layout_cocytus_delve, serial_ice, serial_ice_d, serial_ice_c,
          serial_ice_o, serial_ice_l
Coc:7:    coc_dpeg
Zot:1:    layout_onion_interference, hangedman_spider_trapstep

Skill      XL: |  1  2  3  4  5  6  7  8  9 10 11 12 13 14 15 16 17 18 19 20 21 22 23 24 25 26 |
---------------+-------------------------------------------------------------------------------+-----
Polearms       | 2 3 4 5 6 8 9 11 13 14 | 14.0
Fighting       | 4 5 7 8 9 10 12 15 17 18 19 21 22 25 | 25.0
Armour         | 3 5 9 10 11 12 13 15 16 | 16.0
Shields        | 3 5 7 10 12 14 15 16 17 | 17.8
Dodging        | 2 5 6 9 12 14 15 18 19 | 19.8
Evocations     | 2 5 7 8 9 |  9.0
Invocations    | 4 5 7 8 12 14 | 14.0
Spellcasting   | 3 5 7 |  7.0
Summonings     | 5 |  5.0
Necromancy     | 5 |  5.0
Earth Magic    | 3 7 9 |  9.0
Short Blades   | 6 8 |  8.0
Slings         | 3 |  3.3
Throwing       | 4 7 10 11 | 11.8
Translocations | 1 5 |  5.0

Action                   |  1- 3 |  4- 6 |  7- 9 | 10-12 | 13-15 | 16-18 | 19-21 | 22-24 | 25-27 || total
-------------------------+-------+-------+-------+-------+-------+-------+-------+-------+-------++-------
Melee: Trident           |   103 |   206 |   317 |   601 |  1148 |  1345 |  1499 |   411 |     2 ||  5632
       Headbutt          |       |       |    57 |   130 |   271 |   300 |   349 |   287 |   189 ||  1583
       Quick blade       |       |       |       |       |       |     3 |   191 |    22 |       ||   216
       Demon trident     |       |       |       |       |       |       |       |   739 |   799 ||  1538
 Fire: Hunting sling     |    11 |    11 |    61 |    71 |    11 |    38 |    13 |     7 |       ||   223
       Hand crossbow     |       |       |       |       |       |    11 |       |       |       ||    11
Throw: Boomerang         |       |     1 |     8 |     1 |       |     3 |       |       |       ||    13
       Dart              |       |       |       |     1 |     1 |     1 |       |       |       ||     3
       Javelin           |       |       |       |       |       |       |       |    11 |     2 ||    13
Invok: Animate Remains   |       |       |       |    13 |       |       |       |       |       ||    13
       Animate Dead      |       |       |       |    24 |    61 |    90 |   177 |   124 |    15 ||   491
       Injury Mirror     |       |       |       |       |     1 |     2 |       |       |       ||     3
       Recall Undead Sla |       |       |       |       |       |    11 |    17 |    17 |     3 ||    48
       Drain Life        |       |       |       |       |       |     3 |       |       |       ||     3
       Stop Recall       |       |       |       |       |       |     1 |       |       |       ||     1
       Enslave Soul      |       |       |       |       |       |     1 |       |     2 |     1 ||     4
Evoke: Wand              |       |     3 |     3 |    20 |     7 |    17 |     5 |     7 |    14 ||    76
       Piece from Xom's  |       |       |       |       |       |     1 |       |       |       ||     1
       Phantom mirror    |       |       |       |       |       |       |     1 |     1 |     2 ||     4
       Tin of tremorston |       |       |       |       |       |       |     1 |     2 |     4 ||     7
       Condenser vane    |       |       |       |       |       |       |     1 |     1 |     1 ||     3
       Box of beasts     |       |       |       |       |       |       |     1 |     2 |     1 ||     4
       Lightning rod     |       |       |       |       |       |       |       |     3 |     1 ||     4
       Horn of Geryon    |       |       |       |       |       |       |       |       |     3 ||     3
  Use: Potion            |       |     7 |       |     2 |     4 |     7 |     1 |     1 |    27 ||    49
       Scroll            |       |     9 |     3 |     5 |    13 |     4 |     2 |    26 |     8 ||    70
 Stab: Paralysed         |       |     8 |       |       |       |     2 |    14 |     3 |     5 ||    32
       Distracted        |       |       |       |     2 |     3 |    19 |    32 |    28 |    29 ||   113
       Invisible         |       |       |       |       |       |     3 |       |       |       ||     3
       Confused          |       |       |       |       |       |     1 |     2 |       |       ||     3
Armor: Scale mail        |    36 |    41 |    23 |       |       |       |       |       |       ||   100
       Skin              |       |     4 |       |       |       |       |       |       |       ||     4
       Crystal plate arm |       |       |    76 |   172 |   355 |   313 |   431 |   275 |   295 ||  1917
       Ring mail         |       |       |       |       |     3 |       |       |       |       ||     3
Dodge: Dodged            |    15 |    37 |    26 |    43 |   125 |   133 |   211 |   148 |   133 ||   871
Block: Kite shield       |    36 |   154 |   274 |   419 |   815 |   629 |  1025 |   470 |       ||  3822
       Reflection        |       |     3 |    26 |    16 |    27 |    63 |   101 |    43 |       ||   279
       Tower shield      |       |       |       |       |       |       |       |   184 |   698 ||   882

Table legend: (Time is in decaauts)
 A = Elapsed time spent in this place.
 B = Non-inter-level travel time spent in this place.
 C = Inter-level travel time spent in this place.
 D = Time resting spent in this place.
 E = Time spent auto-exploring this place.
 F = Levels seen in this place.
 G = Mean time per level.
                   A        B        C        D        E       F      G
               +--------+--------+--------+--------+--------+-----+--------+
         Total |  72890 |  61308 |  11582 |  11360 |  33943 |  59 | 1235.4 |
       Dungeon |  23785 |  17328 |   6457 |   4435 |   9411 |  15 | 1585.7 |
        Temple |    255 |    218 |     37 |      0 |    206 |   1 |  255.0 |
          Lair |  10702 |   9142 |   1560 |   1488 |   4970 |   6 | 1783.7 |
         Swamp |   3643 |   3470 |    173 |    712 |   2033 |   4 |  910.8 |
     Snake Pit |   4147 |   3641 |    506 |     11 |   2763 |   4 | 1036.8 |
  Orcish Mines |   2167 |   1819 |    348 |    163 |   1155 |   2 | 1083.5 |
   Elven Halls |   3869 |   3587 |    282 |    495 |   2146 |   3 | 1289.7 |
        Vaults |   7664 |   7031 |    633 |    643 |   4704 |   5 | 1532.8 |
        Depths |   7470 |   6159 |   1311 |    937 |   4013 |   5 | 1494.0 |
          Hell |    918 |    803 |    115 |    268 |    309 |   1 |  918.0 |
       Cocytus |   4515 |   4360 |    155 |    657 |   1663 |   7 |  645.0 |
           Zot |     17 |     17 |      0 |      0 |      0 |   1 |   17.0 |
         Abyss |   2382 |   2382 |      0 |    855 |    385 |   3 |  794.0 |
      Ice Cave |   1031 |   1031 |      0 |    620 |    159 |   1 | 1031.0 |
       Volcano |    319 |    319 |      0 |     74 |     23 |   1 |  319.0 |
               +--------+--------+--------+--------+--------+-----+--------+

Top non-repeatable levels by time:
    D:15: 2561 daAuts
     D:8: 2548 daAuts
  Lair:1: 2516 daAuts
 Abyss:2: 2382 daAuts
     D:9: 2071 daAuts
Depths:4: 2060 daAuts
  Lair:3: 2016 daAuts
     D:7: 1967 daAuts
     D:4: 1856 daAuts
  Lair:6: 1818 daAuts
Vaults:4: 1812 daAuts
  Lair:2: 1737 daAuts
Vaults:3: 1736 daAuts
 Snake:1: 1714 daAuts
    D:14: 1704 daAuts
